Map: Pylon LE

Players

smoke - Winner!

  • Race: Zerg Zerg
  • League: Platinum
  • Spawn Location: 11:00

ManlyManMeat

  • Race: Zerg Zerg
  • League: Master
  • Spawn Location: 5:00

VOD

Have the link to the VOD?

Description

Time

  • Played on: June 17, 2025, 7:51 a.m.
  • Length: 7:04
Show
View Real Time Build Order
Export as new Build Order

smoke Zerg - Winner!

Build Orders: Hatch First 

Get SALT Encoding   

  12  0:02  Drone  
  13  0:07  Drone  
  13  0:13  Extractor  
  13  0:14  Drone  
  15  0:21  Overlord  
  15  0:44  Hatchery  
  15  0:47  Drone  
  15  0:50  Drone  
  15  0:54  Drone  
  17  0:58  Drone  
  18  1:08  Extractor  
  17  1:14  Spawning Pool  
  17  1:16  Drone  
  17  1:20  Drone  
  18  1:30  Drone  
  19  1:40  Overlord  
  19  2:00  Queen x2  
  23  2:02  Zergling x4  
  23  2:03  Drone  
  23  2:06  Drone  
  27  2:14  Drone  
  28  2:17  Drone  
  29  2:23  Drone  
  29  2:28  Drone  
  31  2:34  Drone  
  31  2:35  Queen  
  34  2:38  Overlord  
  34  2:47  Drone  
  34  2:50  Drone  
  36  2:56  Overlord  
  36  3:00  Drone  
  37  3:06  Drone  
  37  3:11  Drone x2  
  40  3:13  Drone x2  
  40  3:14  Drone  
  43  3:24  Drone x2  
  43  3:25  Drone  
  46  3:33  Evolution Chamber  
  45  3:37  Evolution Chamber  
  45  3:39  Roach Warren  
  43  3:51  Extractor  
  43  3:52  Drone x3, Extractor  
  43  3:53  Drone, Roach Warren  
  43  3:54  Drone x2  
  46  3:57  Drone x2  
  46  3:58  Drone, Extractor  
  48  4:04  Zerg Ground Armor Level 1  
  48  4:05  Zerg Missile Weapons Level 1  
  48  4:14  Overlord x4  
  48  4:15  Overlord  
  48  4:22  Overlord x2  
  48  4:24  Overlord  
  48  4:34  Drone  
  48  4:35  Drone x2  
  51  4:39  Drone  
  52  4:50  Roach  
  52  4:51  Roach x3  
  60  4:53  Roach  
  60  4:54  Roach  
  60  4:55  Roach  
  60  4:59  Roach  
  68  5:00  Roach  
  70  5:09  Roach  
  72  5:14  Roach  
  72  5:15  Roach x3  
  80  5:23  Roach x4  
  80  5:25  Roach  
  90  5:32  Roach  
  92  5:38  Roach  
  92  5:41  Roach x3  
  100  5:47  Overlord  
  100  5:52  Overlord  
  100  6:03  Overlord  
  100  6:04  Overlord  
  100  6:06  Roach  
  100  6:10  Roach  
  100  6:11  Roach x4  
  112  6:13  Roach  
  114  6:19  Roach  
  114  6:22  Overlord x2  
  114  6:23  Roach x2  
  118  6:30  Roach  
  118  6:33  Roach  
  118  6:43  Roach  
  118  6:44  Roach x3  
Show
View Real Time Build Order
Export as new Build Order

ManlyManMeat Zerg 

Build Orders: Hatch First 

Get SALT Encoding   

  12  0:00  Drone  
  13  0:09  Drone  
  14  0:16  Overlord  
  14  0:34  Drone  
  14  0:35  Drone  
  16  0:37  Drone  
  17  0:55  Hatchery  
  16  0:58  Drone  
  16  1:01  Drone  
  18  1:16  Spawning Pool  
  17  1:20  Drone  
  17  1:21  Extractor  
  17  1:25  Drone  
  18  1:33  Drone  
  18  1:39  Drone  
  20  1:49  Drone  
  21  2:02  Drone  
  21  2:06  Queen x2  
  26  2:11  Overlord  
  26  2:20  Zergling x4  
  28  2:25  Metabolic Boost  
  28  2:33  Drone x3  
  31  2:54  Drone  
  33  2:58  Drone x2  
  34  3:06  Drone  
  34  3:07  Drone, Hatchery  
  35  3:23  Drone, Overlord  
  35  3:24  Overlord  
  36  3:36  Baneling Nest  
  36  3:38  Queen  
  36  3:39  Evolution Chamber  
  36  3:42  Drone x4  
  36  3:45  Drone  
  36  3:46  Drone  
  42  3:58  Drone x4  
  46  4:04  Lair  
  46  4:09  Drone  
  48  4:10  Drone x3  
  50  4:21  Drone x4  
  54  4:24  Drone  
  55  4:31  Zerg Melee Weapons Level 1  
  55  4:35  Queen  
  57  4:39  Overlord x2  
  57  4:54  Drone  
  57  4:55  Overlord x3  
  57  4:58  Zergling x8  
  57  4:59  Zergling x6  
  65  5:03  Centrifugal Hooks  
  65  5:06  Extractor x2  
  63  5:08  Extractor  
  63  5:09  Drone x3  
  65  5:24  Drone x3  
  65  5:26  Drone x3  
  71  5:33  Zergling x6  
  74  5:37  Drone x3  
  77  5:49  Zergling x12  
  83  6:00  Spore Crawler  
  83  6:02  Drone x2, Spore Crawler x2  
  81  6:05  Hydralisk Den  
  80  6:12  Baneling x3  
  80  6:13  Baneling x5  
  80  6:20  Zergling x10  
  80  6:21  Zergling x16  
  93  6:31  Zergling x4  
  75  6:45  Zergling x6  
Tags
 
Matchup
ZvZ
Race
Zerg
Replay Pack
Myownreplay2
Spawn Locations
Cross Positions
Add a new tag
Caveats
  • Supply blocks, unpowered buildings, or Contaminate may cause inaccurate times.
  • Supply counts are checked every 10 seconds.